[Event "*** SCC Grand Prix: Titled Tuesday Blitz"]
[Site "Chess.com"]
[Date "2020.06.09"]
[Round "10"]
[White "Escanor89"]
[Black "biaf13"]
[Result "0-1"]
[WhiteElo "2481"]
[BlackElo "2096"]
[TimeControl "180+1"]
[EndTime "10:57:37 PDT"]
[Termination "biaf13 won by resignation"]

1. c4 c5 2. Nf3 Nf6 3. Nc3 d5 4. cxd5 Nxd5 5. g3 Nc6 6. Bg2 Nc7 7. O-O e5 8. a3 f6 9. d3 Be7 10. Be3 Bg4 11. Rc1 O-O 12. Ne4 b6 13. b4 Nd4 14.
bxc5 bxc5 15. Nxc5 Bxc5 16. Rxc5 Nce6 17. Rc4 Rc8 18.
Rxc8 Qxc8 19. Bxd4 Bxf3 20. Bxf3 Nxd4 21. Bg2 Qa6 22. e3 Nb5 23. a4 Nd6 24. Qb3+ Kh8 25. Rc1 Rc8 26. Rxc8+ Qxc8 27. h4 h6 28. Bd5 Qc7 29. Kg2 Nc8 30. Be4 Nd6 31. Bd5 Qb6 32.
Qc3 Qa6 33. Qc7 Qb6 34. Qe7 Kh7 35. d4 exd4 36. exd4 Nf5 37. Be4 Kg6 38. g4 h5 39.
Bxf5+ Kh6 40. Qf7 Qb7+ 41. d5 Qxf7 0-1

[Event "*** SCC Grand Prix: Titled Tuesday Blitz"]
[Site "Chess.com"]
[Date "2020.06.09"]
[Round "10"]
[White "GustavoJuarezF"]
[Black "mr65"]
[Result "1/2-1/2"]
[WhiteElo "1972"]
[BlackElo "2141"]
[TimeControl "180+1"]
[EndTime "10:57:37 PDT"]
[Termination "Game drawn by repetition"]

1. e4 e5 2. Nf3 Nc6 3. Nc3 Nf6 4. d4 exd4 5. Nxd4 Nxe4 6. Nxe4 Qh4 7. Qd3 Nb4 8. Qf3 d5 9. Bg5 dxe4 10. Bxh4 exf3 11.
c3 c5 12. cxb4 cxd4 13. O-O-O Bf5 14. Bb5+ Bd7 15. Bxd7+ Kxd7 16. Rxd4+ Kc7 17. Bg3+ Kb6 18. gxf3 Rc8+ 19. Kb1 Be7 20. a3 Rhd8 21. Rhd1 Rxd4 22. Rxd4 Bf6 23. Rd6+ Rc6 24. b3 Rxd6 25. Bxd6 Kc6 26.
Bb8 a6 27. f4 b5 28. Kc2 Kd5 29.
f3 Bd4 30. h3 f5 31. a4 g6 32.
Kd3 Bf2 33. Be5 h5 34. Bc7 Be1 35. Ba5 Bg3 36. Bc7 g5 37. axb5 axb5 38. Ke3 h4 39. Bb8 Bh2 40. Bc7 Bg1+ 41. Kd3 Bh2 42. Ke3 Bg1+ 43. Kd3 Bh2 44. Ke3 1/2-1/2

[Event "*** SCC Grand Prix: Titled Tuesday Blitz"]
[Site "Chess.com"]
[Date "2020.06.09"]
[Round "10"]
[White "yamalchess"]
[Black "DaggiGretarsson"]
[Result "1/2-1/2"]
[WhiteElo "2459"]
[BlackElo "2595"]
[TimeControl "180+1"]
[EndTime "10:57:38 PDT"]
[Termination "Game drawn by repetition"]

1. d4 g6 2. c4 Bg7 3. Nc3 c5 4. d5 Bxc3+ 5. bxc3 f5 6. e4 fxe4 7. Qc2 Nf6 8. h4 d6 9. Ne2 Bf5 10. Ng3 Nbd7 11. h5 Rg8 12. hxg6 hxg6 13. Be3 Ne5 14. Be2 Qa5 15. Rb1 O-O-O 16. Rb5 Qc7 17. Kd2 Bd7 18. Rb2 b5 19. cxb5 Nxd5 20. Qxe4 Nb6 21. Bf4 Bf5 22. Nxf5 gxf5 23. Qxf5+ Kb8 24. Bxe5 dxe5+ 25. Kc1 Rxg2 26.
Bf3 Rgg8 27. Qe4 Qd7 28. a4 e6 29. a5 Nd5 30. Rd1 Qf7 31. Qxe5+ Kc8 32. Bxd5 exd5 33. b6 axb6 34. axb6 Kb7 35. Ra2 Kxb6 36. Rh1 Qg6 37. Kb2 Rge8 38. Qh5 Qxh5 39. Rxh5 Re2+ 40. Kb1 Rxa2 41.
Kxa2 Rf8 42. Rxd5 Rxf2+ 43. Kb3 Rf4 44. Rh5 Kc6 45. Rg5 Rh4 46. Rf5 Rg4 47. Rh5 Rf4 48. Rg5 Rh4 49. Rg6+ Kb5 50. Rg5 Kc6 1/2-1/2

[Event "*** SCC Grand Prix: Titled Tuesday Blitz"]
[Site "Chess.com"]
[Date "2020.06.09"]
[Round "10"]
[White "Ceejay271"]
[Black "FMOlexandrProhorov"]
[Result "1-0"]
[WhiteElo "2386"]
[BlackElo "2101"]
[TimeControl "180+1"]
[EndTime "10:57:38 PDT"]
[Termination "Ceejay271 won by resignation"]

1. d4 g6 2. c4 Bg7 3. Nc3 c5 4. d5 Bxc3+ 5. bxc3 f5 6. h4 Qa5 7. h5 Qxc3+ 8. Bd2 Qg7 9. Rc1 Nf6 10.
Bc3 d6 11. Nf3 Rg8 12. h6 Qf8 13. Ng5 Na6 14. f3 Bd7 15. Qb3 O-O-O 16. Rb1 b6 17. a4 Kc7 18. a5 Rb8 19. axb6+ Rxb6 20. Ba5 Qb8 21. Bxb6+ axb6 22. e3 Nb4 23. Ra1 Qb7 24.
Be2 Ra8 25. Kf2 b5 26. cxb5 Nbxd5 27. Bc4 Nb6 28. Be6 Be8 29. Qb2 Nc8 30. Rxa8 Qxa8 31. Bxc8 Kxc8 32. Ra1 Qb7 33. b6 Nd5 34. Ra7 Qxb6 35.
Qxb6 Nxb6 36. Rxe7 Kd8 37. Rxh7 c4 38. Rb7 Nd5 39. h7 c3 40. h8=Q c2 41. Rb8+ Kc7 42. Qxe8 c1=Q 43. Rc8+ Kb6 44. Rxc1 Nb4 45. Qb8+ Ka5 46.
Ra1+ 1-0

[Event "*** SCC Grand Prix: Titled Tuesday Blitz"]
[Site "Chess.com"]
[Date "2020.06.09"]
[Round "10"]
[White "Nastya_Rakhmangulova"]
[Black "2007checkmate"]
[Result "1-0"]
[WhiteElo "2296"]
[BlackElo "2393"]
[TimeControl "180+1"]
[EndTime "10:57:39 PDT"]
[Termination "Nastya_Rakhmangulova won on time"]

1. e4 e5 2. Nf3 Nc6 3. c3 Nf6 4. d4 exd4 5. e5 Nd5 6. cxd4 Bb4+ 7. Bd2 Bxd2+ 8. Qxd2 O-O 9. Nc3 Nxc3 10. Qxc3 d6 11. Bb5 Bd7 12. O-O Nxe5 13. dxe5 Bxb5 14. Rfd1 Be2 15.
Rd2 Bxf3 16. Qxf3 Rb8 17. Rad1 Re8 18. exd6 cxd6 19. h3 Qa5 20. a3 Qe5 21. b4 Red8 22.
Re2 Qb5 23. Re7 Rf8 24. Rxd6 h6 25. Rdd7 Qc4 26. Rxb7 Rxb7 27. Rxb7 Qd4 28. g3 g6 29. Kg2 Kg7 30. h4 h5 31. Re7 a6 32. Qe4 Rd8 33.
Qxd4+ Rxd4 34. Re5 Kf6 35. Ra5 Rd6 36. Kf3 Re6 37. Rc5 Ke7 38. Kf4 Kf6 39. f3 Ke7 40. g4 hxg4 41. fxg4 Kf6 42. h5 gxh5 43. gxh5 Rd6 44.
Ke4 Kg7 45. Rd5 Re6+ 46. Kd4 Kh6 47. a4 Re8 48. a5 Rf8 49. Rf5 Rb8 50. Kc4 Rc8+ 51.
Rc5 Rb8 52. Rc6+ Kxh5 53. Rxa6 f5 54. Rd6 f4 55. a6 f3 56. Rf6 Kg4 57. b5 Rc8+ 58. Kb4 Re8 59. a7 Re4+ 60. Ka5 Re1 61.
Kb6 1-0

[Event "*** SCC Grand Prix: Titled Tuesday Blitz"]
[Site "Chess.com"]
[Date "2020.06.09"]
[Round "10"]
[White "CzechmVIII"]
[Black "manmanlai1"]
[Result "0-1"]
[WhiteElo "2191"]
[BlackElo "2394"]
[TimeControl "180+1"]
[EndTime "10:57:39 PDT"]
[Termination "manmanlai1 won on time"]

1. e4 c5 2. Nf3 e6 3. Nc3 Nc6 4. d4 cxd4 5. Nxd4 Qc7 6. Qd3 Nxd4 7. Qxd4 a6 8. Be3 d6 9. O-O-O Bd7 10. f3 Nf6 11. g4 Bc6 12. h4 Nd7 13. h5 b5 14. h6 Rg8 15. Qd2 g6 16. Ne2 Bb7 17. Kb1 Ne5 18. Nd4 Rc8 19. Be2 Be7 20. g5 Nc4 21.
Bxc4 Qxc4 22. Rc1 Kd7 23. Rhd1 Rgd8 24. e5 Ke8 25. exd6 Rxd6 26. Qf2 Rcd8 27. Rd3 e5 28. Rc3 Qd5 29. Nb3 Rc6 30. Rxc6 Bxc6 31. Bc5 Qxf3 32. Qxf3 Bxf3 33. Bxe7 Kxe7 34. Nc5 a5 35. b3 f6 36. Kb2 fxg5 37. Rf1 g4 38. Nd3 Kf6 39. Nc5 Kf5 40. Re1 e4 0-1

[Event "*** SCC Grand Prix: Titled Tuesday Blitz"]
[Site "Chess.com"]
[Date "2020.06.09"]
[Round "10"]
[White "SCIM"]
[Black "attack2mateU"]
[Result "1-0"]
[WhiteElo "2564"]
[BlackElo "2688"]
[TimeControl "180+1"]
[EndTime "10:57:40 PDT"]
[Termination "SCIM won by resignation"]

1. d4 Nf6 2. c4 g6 3. Nc3 d5 4.
cxd5 Nxd5 5. e4 Nxc3 6. bxc3 Bg7 7. Bc4 c5 8. Ne2 Nc6 9. Be3 O-O 10. O-O b6 11.
dxc5 Qc7 12. Nd4 Ne5 13. Nb5 Qb8 14. Be2 bxc5 15. Rb1 a6 16. Na3 Qc7 17. f4 Rd8 18. Qc2 Nd7 19. Nc4 Bb7 20. Bf3 Bc6 21. e5 Bxf3 22.
Rxf3 Rab8 23. Rff1 Nb6 24. Nxb6 Rxb6 25. Rxb6 Qxb6 26. Rd1 Rxd1+ 27. Qxd1 e6 28. h3 Bf8 29. c4 h5 30. Kh2 Qc6 31. Qd8 Qe4 32. Bxc5 Qxf4+ 33. g3 Qh6 34. Be7 h4 35. Qxf8+ Qxf8 36. Bxf8 Kxf8 37.
gxh4 Ke7 38. Kg3 f5 39. exf6+ Kxf6 40. Kf4 Ke7 41. Ke5 Kd7 42. c5 a5 43. c6+ Kxc6 44. Kxe6 Kb5 45. Kf6 Kb4 46. Kxg6 Ka3 47. h5 Kxa2 48.
h6 a4 49. h7 1-0

[Event "*** SCC Grand Prix: Titled Tuesday Blitz"]
[Site "Chess.com"]
[Date "2020.06.09"]
[Round "10"]
[White "vanyakuba"]
[Black "Shoooting_Star"]
[Result "0-1"]
[WhiteElo "2451"]
[BlackElo "2698"]
[TimeControl "180+1"]
[EndTime "10:57:41 PDT"]
[Termination "Shoooting_Star won on time"]

1. e4 c5 2. c3 d6 3. d4 Nf6 4. Bd3 e5 5. Nf3 cxd4 6. cxd4 Nc6 7. d5 Ne7 8. Nc3 g6 9. Bg5 Bg7 10. Qd2 O-O 11. Bh6 Ne8 12. h4 f5 13. h5 f4 14.
Bxg7 Nxg7 15. h6 Ne8 16. O-O-O a6 17. Kb1 b5 18. Ng5 b4 19. Na4 Bd7 20. Qxb4 Rb8 21. Qa3 Qa5 22. Bc2 Rc8 23. Ne6 Rxc2 24. Kxc2 Qxa4+ 25.
Qxa4 Bxa4+ 26. b3 Bd7 27. Nxf8 Kxf8 28. Kd2 g5 29. f3 g4 30. Ke2 Nf6 31. Rc1 Ke8 32. a4 Kd8 33. Rc3 Ng6 34. Rhc1 Nh4 35. Rc7 Nxg2 36. Ra7 Ne3 37. Rxa6 gxf3+ 38. Kxf3 Bg4+ 39.
Kf2 Nxe4+ 40. Kg1 f3 41. Rb6 f2+ 42. Kh2 f1=Q 43. Rxf1 Nxf1+ 44. Kg1 Ne3 45. a5 Nxd5 46. Rb5 Nec3 47. Rb7 Nc7 48. a6 Bf3 49. Rb6 N3b5 50.
a7 Nxa7 51. Rxd6+ Ke7 52. Rb6 Nab5 53. b4 Nd4 54. Kf2 Bd5 55. Rb8 Nf5 56. Rh8 Nxh6 57. Rxh7+ Nf7 58. Ke3 Kd6 59. Rg7 Nd8 60. Rg6+ Nde6 61.
Rf6 Bc6 62. Rh6 Na6 63. Rh4 Nd4 0-1

[Event "*** SCC Grand Prix: Titled Tuesday Blitz"]
[Site "Chess.com"]
[Date "2020.06.09"]
[Round "10"]
[White "guillembaches"]
[Black "Susal_De_Silva"]
[Result "1-0"]
[WhiteElo "2489"]
[BlackElo "2368"]
[TimeControl "180+1"]
[EndTime "10:57:42 PDT"]
[Termination "guillembaches won by resignation"]

1. e4 e5 2. Nf3 Nc6 3. Nc3 Nf6 4. d4 Bb4 5. Nxe5 Nxe4 6. Qd3 d5 7. a3 Bxc3+ 8. bxc3 Nxe5 9. dxe5 Bf5 10. Qd4 O-O 11. f3 c5 12. Qe3 d4 13. Qf4 Qa5 14. fxe4 Qxc3+ 15. Qd2 Qxa1 16. exf5 Rfe8 17. Bd3 Rxe5+ 18. Kf2 Rae8 19. f6 Qa2 20. Bb5 R8e6 21. Rf1 Rxf6+ 22. Kg1 Rxf1+ 23. Bxf1 Qe6 24. Qf4 f6 25. h3 g6 26.
Qf3 Qf5 27. Bc4+ Kf8 28. Bh6+ Ke8 29. Qxb7 Re1+ 30. Kh2 Qe5+ 31. g3 Re2+ 32. Bxe2 Qxe2+ 33. Qg2 Qxg2+ 34. Kxg2 g5 35. h4 Kf7 36. hxg5 Kg6 37. Bf8 c4 38. gxf6 Kxf6 39. Kf3 Kf5 40. Bc5 Ke5 41.
Bxa7 1-0

[Event "*** SCC Grand Prix: Titled Tuesday Blitz"]
[Site "Chess.com"]
[Date "2020.06.09"]
[Round "10"]
[White "Kopytkin"]
[Black "Bayernbk"]
[Result "0-1"]
[WhiteElo "2343"]
[BlackElo "2457"]
[TimeControl "180+1"]
[EndTime "10:57:43 PDT"]
[Termination "Bayernbk won on time"]

1. e4 e6 2. d4 d5 3. e5 c5 4. c3 Nc6 5. Nf3 Qb6 6. a3 c4 7. h4 Na5 8. h5 Nh6 9. Nbd2 Bd7 10. Rb1 Be7 11. Rg1 Nf5 12. g4 Nh4 13. Nxh4 Bxh4 14. Nf3 Be7 15. g5 O-O-O 16. Bh3 Bxa3 17. Qe2 Be7 18.
Be3 Nb3 19. Kf1 a5 20. Ne1 g6 21. f4 Qc7 22. Bg2 b5 23. Rh1 b4 24. Nc2 Kb7 25.
Kf2 Ra8 26. Na1 a4 27. cxb4 Bxb4 28. Nc2 Be7 29. Na3 Rac8 30. hxg6 Bxa3 31. g7 Rhg8 32. bxa3 Rxg7 33. Rh6 c3 34. Rbh1 c2 35. Bc1 Qc4 36.
Bf1 Qxd4+ 37. Qe3 Qxe3+ 38. Kxe3 d4+ 39. Kf2 Nxc1 40. Bg2+ Bc6 41. Rxc1 Bxg2 42. Kxg2 d3 43. Kf2 d2 44. Rhh1 dxc1=Q 45. Rxc1 Rgg8 0-1

[Event "*** SCC Grand Prix: Titled Tuesday Blitz"]
[Site "Chess.com"]
[Date "2020.06.09"]
[Round "10"]
[White "dosto07"]
[Black "Julianos82"]
[Result "0-1"]
[WhiteElo "2155"]
[BlackElo "2391"]
[TimeControl "180+1"]
[EndTime "10:57:44 PDT"]
[Termination "Julianos82 won on time"]

1. e4 c5 2. Nf3 b6 3. d4 cxd4 4. Nxd4 Bb7 5. Nc3 a6 6. Bd3 e6 7. O-O Qc7 8. Be3 Nf6 9. a4 h5 10. h3 Bc5 11. Qe2 Nc6 12. Nxc6 Qxc6 13. Bxc5 bxc5 14. f4 c4 15. Bxc4 Nxe4 16. Nxe4 Qxe4 17. Qxe4 Bxe4 18. c3 d5 19. Be2 Ke7 20. Bf3 Bxf3 21. Rxf3 a5 22. Kf1 Rab8 23. Rf2 Rb3 24. Rd1 Rhb8 25.
Rdd2 g6 26. g4 hxg4 27. hxg4 Kd6 28. Ke1 R3b7 29. Kd1 g5 30. fxg5 Rg8 31. Kc2 Rxg5 32. b3 Rxg4 33. Rf6 Rg6 34. Rxg6 fxg6 35. Rg2 Rg7 36.
b4 axb4 37. cxb4 g5 38. a5 g4 39. Kc3 g3 40. b5 Kc5 41. b6 Kc6 42. Kd4 Rg5 43.
Ke3 Kb7 44. Kf3 d4 45. Rxg3 Rxa5 0-1

[Event "*** SCC Grand Prix: Titled Tuesday Blitz"]
[Site "Chess.com"]
[Date "2020.06.09"]
[Round "10"]
[White "KNVB"]
[Black "pastouche06"]
[Result "1-0"]
[WhiteElo "2685"]
[BlackElo "2489"]
[TimeControl "180+1"]
[EndTime "10:57:45 PDT"]
[Termination "KNVB won by checkmate"]

1. d4 Nf6 2. Bf4 d5 3. e3 e6 4. Nf3 Bd6 5. Nbd2 O-O 6. Bd3 b6 7. Qe2 c5 8. c3 cxd4 9. Bxd6 Qxd6 10. exd4 Bb7 11. O-O Nc6 12. Ne5 Ne7 13. a4 Qc7 14. h3 Nf5 15. Rfe1 Nd6 16. f3 a5 17.
Qf2 g6 18. h4 Nd7 19. h5 Kg7 20. Qh4 Qd8 21. h6+ Kg8 22. Qf4 Qe7 23. Nxd7 Qxd7 24.
Qe5 Ne8 25. Bb5 Bc6 26. c4 Bxb5 27. axb5 Rd8 28. Rad1 Qd6 29. f4 Qxe5 30. dxe5 Nc7 31. b3 dxc4 32. bxc4 Rd4 33. Ne4 Rxc4 34. Nf6+ Kh8 35.
Rd7 Nd5 36. Nxd5 exd5 37. e6 fxe6 38. Rxe6 Rcxf4 39. Ree7 Rc8 40. Rxh7+ Kg8 41. Rdg7+ Kf8 42. Rh8# 1-0

[Event "*** SCC Grand Prix: Titled Tuesday Blitz"]
[Site "Chess.com"]
[Date "2020.06.09"]
[Round "10"]
[White "Bathory44"]
[Black "praveenb2002"]
[Result "1/2-1/2"]
[WhiteElo "2600"]
[BlackElo "2761"]
[TimeControl "180+1"]
[EndTime "10:57:46 PDT"]
[Termination "Game drawn by repetition"]

1. e4 c6 2. c4 d5 3. cxd5 cxd5 4. exd5 Nf6 5. Nc3 Nxd5 6. Nf3 Nc6 7. Bb5 e6 8. O-O Be7 9. d4 O-O 10. Re1 Bd7 11. a3 Rc8 12. Nxd5 exd5 13. Bxc6 Bxc6 14.
Ne5 Bf6 15. Bf4 Qb6 16. Qd2 Ba4 17. Rac1 h6 18. h3 Rfe8 19. Rc3 Rxc3 20. Qxc3 Qe6 21. Qa5 Bc6 22. Qxa7 Bxe5 23. Rxe5 Qd7 24. Rxe8+ Qxe8 25. Qb8 Qxb8 26. Bxb8 Kf8 27. f3 Ke7 28. Kf2 Bb5 29.
h4 Ke6 30. Ke3 g6 31. Bf4 h5 32. g4 Bf1 33. gxh5 gxh5 34. b3 Kf5 35. a4 Ba6 36. Bc7 Bf1 37. b4 Bc4 38. b5 Bb3 39. a5 Ba4 40. a6 bxa6 41. bxa6 Bb5 42. a7 Bc6 43. Kd2 Ke6 44. Bb8 Ba8 45. Ke3 Kf5 46. Kd3 Bb7 47. Kc3 Ke6 48. Kb4 Kd7 49. Kc5 Bc6 50. Bg3 Ba8 51. Kb6 Bc6 52. f4 f5 53.
Be1 Ba8 54. Ba5 Bc6 55. Kc5 Ba8 56. Kb6 Bc6 57. Kc5 Ba8 58. Kb6 1/2-1/2

[Event "*** SCC Grand Prix: Titled Tuesday Blitz"]
[Site "Chess.com"]
[Date "2020.06.09"]
[Round "10"]
[White "zajka-molotok"]
[Black "KamlaPasand"]
[Result "0-1"]
[WhiteElo "2374"]
[BlackElo "2237"]
[TimeControl "180+1"]
[EndTime "10:57:46 PDT"]
[Termination "KamlaPasand won on time"]

1. b4 Nf6 2. Bb2 e6 3. b5 Be7 4. e3 O-O 5. Nf3 c6 6. c4 d5 7. a4 dxc4 8. Bxc4 Nd5 9. O-O Bd7 10. d4 a6 11. bxa6 Nxa6 12. e4 Nf6 13. Nc3 Qb6 14. Qe2 Rfd8 15. a5 Qc7 16. Ne5 Be8 17. Rfd1 c5 18. Nb5 Qb8 19. d5 exd5 20. exd5 Bxb5 21. Bxb5 Bd6 22. Bc4 Re8 23. f4 Nc7 24. Qf3 Qc8 25. Re1 Qf5 26. Qg3 Qc2 27. Bc3 Ncxd5 28. Rac1 Qf5 29. Bxd5 Nxd5 30. Rcd1 Nxc3 31. Qxc3 Bxe5 32. fxe5 Rac8 33. Rd5 c4 34. h3 Qe6 35. Rb5 h6 36. Re4 Qc6 37. Rg4 Qxb5 38. e6 Qc5+ 39. Kh1 Qf8 0-1

[Event "*** SCC Grand Prix: Titled Tuesday Blitz"]
[Site "Chess.com"]
[Date "2020.06.09"]
[Round "10"]
[White "MikaelyanArman"]
[Black "rpragchess"]
[Result "1-0"]
[WhiteElo "2786"]
[BlackElo "2837"]
[TimeControl "180+1"]
[EndTime "10:57:48 PDT"]
[Termination "MikaelyanArman won by resignation"]

1. Nf3 Nf6 2. c4 b6 3. d4 Bb7 4. g3 g6 5. Bg2 Bg7 6. O-O e6 7. Nc3 Ne4 8. Nxe4 Bxe4 9. Bg5 Qc8 10. Qd2 O-O 11. Bh6 d6 12. Bxg7 Kxg7 13. Ne1 Bxg2 14.
Nxg2 Qb7 15. d5 Nd7 16. e4 e5 17. f4 a5 18. f5 f6 19. Ne3 Nc5 20. Qg2 b5 21.
fxg6 hxg6 22. g4 bxc4 23. g5 Nd3 24. gxf6+ Kf7 25. Qh3 Kg8 26. Qe6+ Rf7 27. Ng4 Kf8 28.
Nh6 c5 29. Nxf7 Qxf7 30. Qxd6+ Kg8 31. Kh1 Re8 32. Rf3 Nxb2 33. Rg1 Nd3 34. h4 Nf4 35. Rg5 Qh7 36. Rxf4 exf4 37. h5 Rxe4 38. Rxg6+ Qxg6 39. hxg6 f3 40. Qd8+ 1-0

[Event "*** SCC Grand Prix: Titled Tuesday Blitz"]
[Site "Chess.com"]
[Date "2020.06.09"]
[Round "10"]
[White "Lenyas66"]
[Black "KaterinaMiroshnik"]
[Result "1-0"]
[WhiteElo "2578"]
[BlackElo "2428"]
[TimeControl "180+1"]
[EndTime "10:57:48 PDT"]
[Termination "Lenyas66 won on time"]

1. e4 e6 2. d4 d5 3. Nd2 Nf6 4. e5 Nfd7 5. Bd3 c5 6. c3 Nc6 7. Ne2 cxd4 8. cxd4 f6 9. exf6 Nxf6 10. O-O Bd6 11. Nf3 O-O 12. Bf4 Bxf4 13. Nxf4 Ne4 14.
g3 Qf6 15. Re1 g5 16. Bxe4 dxe4 17. Rxe4 gxf4 18. Rxf4 Qg7 19. Rxf8+ Qxf8 20. Qd3 Qf5 21. Qb3 Qd5 22. Qe3 Bd7 23. Rc1 Rf8 24. Rc3 b6 25. a3 Be8 26. Ne5 Nxe5 27. dxe5 Qd1+ 28. Kg2 Bc6+ 29. f3 Bxf3+ 30. Kh3 Qf1+ 31. Kh4 Bd1 32. Qg5+ Kh8 33. Rc7 Rg8 34. Qf6+ Qxf6+ 35. exf6 Rf8 36. Kg5 h6+ 37. Kg6 Bh5+ 38. Kxh5 Rxf6 39. Rxa7 Rf2 40. h4 Rxb2 41. Kg6 1-0

[Event "*** SCC Grand Prix: Titled Tuesday Blitz"]
[Site "Chess.com"]
[Date "2020.06.09"]
[Round "10"]
[White "aNaartjieZA"]
[Black "eljanov"]
[Result "0-1"]
[WhiteElo "2596"]
[BlackElo "2807"]
[TimeControl "180+1"]
[EndTime "10:57:50 PDT"]
[Termination "eljanov won by resignation"]

1. e4 e5 2. Nf3 Nc6 3. Bc4 Bc5 4. O-O Nf6 5. d3 d6 6. c3 O-O 7. Nbd2 h6 8. Bb3 a5 9. h3 Be6 10. Re1 Re8 11. Nf1 d5 12. exd5 Bxd5 13. Be3 Qd6 14. Bxd5 Qxd5 15. Qb3 Bf8 16. Rad1 a4 17. Qxd5 Nxd5 18.
Bd2 f6 19. a3 Kf7 20. Bc1 Rad8 21. g3 Na5 22. Re4 b5 23. d4 Nb3 24. dxe5 Nxc3 25.
Rxd8 Nxe4 26. Rxe8 Kxe8 27. Be3 fxe5 28. Nxe5 g5 29. f3 Nd6 30. Nd2 Bg7 31. Nxb3 Bxe5 32. Nd4 Bxg3 33. b3 c5 34. Nxb5 Nxb5 35. bxa4 Nd4 36.
a5 Kd7 37. a6 Kc6 38. Kg2 Bf4 39. a7 Kb7 40. Bf2 Kxa7 41. h4 Kb6 42. hxg5 hxg5 43. Kh3 Nxf3 44. Kg4 Ne5+ 0-1

[Event "*** SCC Grand Prix: Titled Tuesday Blitz"]
[Site "Chess.com"]
[Date "2020.06.09"]
[Round "10"]
[White "GregShahade"]
[Black "Danesz22"]
[Result "0-1"]
[WhiteElo "2527"]
[BlackElo "2378"]
[TimeControl "180+1"]
[EndTime "10:57:50 PDT"]
[Termination "Danesz22 won by checkmate"]

1. e4 e5 2. Nf3 Nc6 3. Bc4 Bc5 4. c3 Nf6 5. d3 O-O 6. O-O d6 7. Bb3 a6 8. h3 Ba7 9. Re1 Ne7 10. Nbd2 Ng6 11.
Nf1 Nh5 12. Be3 Nhf4 13. Bxa7 Rxa7 14. Kh2 Qf6 15. Ng1 Ra8 16. g3 Ne6 17. Qe2 Nc5 18. Bc2 a5 19. Ne3 c6 20. Rf1 b5 21. Rad1 Ne7 22.
f4 exf4 23. gxf4 d5 24. e5 Qh6 25. Ng4 Bxg4 26. Qxg4 f5 27. Qg3 Ne6 28. Ne2 c5 29.
Rf2 a4 30. a3 Qh5 31. Rdf1 Kh8 32. Ng1 Rg8 33. Nf3 g5 34. Nxg5 Nxg5 35. fxg5 Rxg5 36. Qe3 Rag8 37. e6 R8g7 38. Bd1 Qg6 39. Bf3 Rg3 40. Qf4 h5 41. h4 Kh7 42. Re1 Qf6 43.
Bxh5 R7g4 44. Qxg3 Rxg3 45. Kxg3 Kh6 46. Bf3 Ng6 47. h5 Qh4+ 48. Kg2 Nf4+ 49. Kf1 Nxd3 50. Rg2 Qxe1# 0-1

[Event "*** SCC Grand Prix: Titled Tuesday Blitz"]
[Site "Chess.com"]
[Date "2020.06.09"]
[Round "10"]
[White "margarita_2703"]
[Black "sonicdravise"]
[Result "1/2-1/2"]
[WhiteElo "2386"]
[BlackElo "2535"]
[TimeControl "180+1"]
[EndTime "10:57:50 PDT"]
[Termination "Game drawn by repetition"]

1. Nf3 g6 2. c4 Bg7 3. Nc3 d6 4. d4 Nd7 5. e4 e5 6. Be2 Ne7 7. O-O O-O 8. d5 h6 9. b4 f5 10. Nd2 Nf6 11. c5 fxe4 12. Ndxe4 Nf5 13. Bc4 Nd4 14.
a4 Nh5 15. Ba3 Nf4 16. b5 Nxg2 17. Kxg2 Qh4 18. Qd3 Nf3 19. Qxf3 Rxf3 20. Kxf3 Qf4+ 21. Ke2 Bh3 22. Rg1 Bg4+ 23. Ke1 Bf3 24. Bd3 b6 25.
cxd6 cxd6 26. Bxd6 Qxh2 27. Rg3 Qh1+ 28. Bf1 Bxe4 29.
Rh3 Qg1 30. Nxe4 Rc8 31. Be7 Qg4 32. f3 Qf4 33. d6 Bf8 34. Bxf8 Kxf8 35. d7 Rd8 36.
Rd1 Qf5 37. Rxh6 Rxd7 38. Rxd7 Qxd7 39. Rxg6 Qd4 40. Rf6+ Ke7 41. Rh6 Qa1+ 42. Kf2 Qxa4 43. Rh7+ Kd8 44. Rh8+ Ke7 45. Rh7+ Kd8 46. Rh8+ Ke7 47.
Rh7+ 1/2-1/2

[Event "*** SCC Grand Prix: Titled Tuesday Blitz"]
[Site "Chess.com"]
[Date "2020.06.09"]
[Round "10"]
[White "Twitch_ElhamBlitz05"]
[Black "Guenplen"]
[Result "0-1"]
[WhiteElo "2746"]
[BlackElo "2907"]
[TimeControl "180+1"]
[EndTime "10:57:54 PDT"]
[Termination "Guenplen won by resignation"]

1. e4 c5 2. Nf3 e6 3. c3 d5 4.
exd5 exd5 5. d4 a6 6. Be2 c4 7. O-O Bd6 8. Re1 Ne7 9. Nbd2 Nbc6 10. b3 cxb3 11. axb3 O-O 12. Nf1 Ng6 13. Ng3 h6 14. Bd3 Bg4 15. Be3 Qf6 16. Be2 Rfe8 17. h3 Rxe3 18.
hxg4 Bxg3 19. fxe3 Bxe1 20. Nxe1 Re8 21. Nc2 Qg5 22.
Bf3 Nh4 23. c4 Ne7 24. Ra5 b5 25. cxb5 axb5 26. Rxb5 Rc8 27. Rc5 Ra8 28. b4 Ra2 29. Qb1 Ra6 30. Qf1 Rf6 31. Qe2 h5 32. Qd3 Nxf3+ 33. gxf3 hxg4 34. Ne1 gxf3+ 35. Kf1 Nf5 36. Rc8+ Kh7 37. Nxf3 Qg3 38. Qe2 Nxe3+ 39. Qxe3 Rxf3+ 40. Qxf3 Qxf3+ 41. Kg1 Qe3+ 42. Kh1 Qh3+ 0-1

[Event "*** SCC Grand Prix: Titled Tuesday Blitz"]
[Site "Chess.com"]
[Date "2020.06.09"]
[Round "10"]
[White "ClassyEl"]
[Black "Manukyan_Artak"]
[Result "1-0"]
[WhiteElo "2498"]
[BlackElo "2299"]
[TimeControl "180+1"]
[EndTime "10:57:55 PDT"]
[Termination "ClassyEl won by resignation"]

1. f4 e5 2. e4 exf4 3. Nf3 d6 4. d4 g5 5. Nc3 g4 6. Ng1 Qh4+ 7. Kd2 Bh6 8. Nd5 Kd8 9. Kc3 Nf6 10. Bd3 Nxd5+ 11. exd5 Re8 12. Ne2 f3 13. gxf3 gxf3 14. Bxh6 Qxh6 15.
Ng3 c5 16. Qxf3 cxd4+ 17. Kb3 Na6 18. a3 Nc5+ 19. Ka2 Re3 20. Qxf7 Nxd3 21. cxd3 Qg6 22. Qf8+ Re8 23. Qf4 b6 24. Rae1 Ba6 25. Rxe8+ Kxe8 26. Re1+ Kd8 27. Qh4+ Kc8 28. Rc1+ Kd7 29. Qh3+ Kd8 30. Ne4 Rc8 31. Qh4+ Ke8 32. Re1 Kd7 33. Qf4 Rd8 34. Rc1 Bxd3 35. Nf6+ Ke7 36. Rc7+ Kf8 37. Nxh7+ Kg8 38.
Nf6+ Kf8 39. Nh5+ Qf5 40. Qh6+ Ke8 41. Nf6+ Qxf6 42. Qxf6 Bc4+ 43. Rxc4 1-0

[Event "*** SCC Grand Prix: Titled Tuesday Blitz"]
[Site "Chess.com"]
[Date "2020.06.09"]
[Round "10"]
[White "Andreikka"]
[Black "giantslayer83"]
[Result "1-0"]
[WhiteElo "2936"]
[BlackElo "2758"]
[TimeControl "180+1"]
[EndTime "10:57:58 PDT"]
[Termination "Andreikka won by resignation"]

1. c4 e6 2. Nc3 d5 3. d4 Nf6 4. cxd5 exd5 5. Bg5 c6 6. e3 Be7 7. Bd3 Nbd7 8. Qc2 Nh5 9. Bxe7 Qxe7 10. Nge2 g6 11. O-O-O Nb6 12. Rhe1 Be6 13. f3 O-O-O 14. Kb1 Kb8 15. Nc1 f5 16. Nb3 Nf6 17. h3 h5 18. h4 Rhe8 19. Ne2 Nfd7 20. Nf4 Bf7 21. Qf2 Qd6 22. Rc1 Nc4 23. g3 Re7 24. e4 fxe4 25. fxe4 Ndb6 26. e5 Qb4 27. Nc5 Rg8 28. Ka1 g5 29. hxg5 Rxg5 30. Re2 Ka8 31. Ng6 Bxg6 32. Bxg6 Rc7 33. Ne6 Rxg6 34. Nxc7+ Kb8 35. Qf7 Rxg3 36.
Ne6 a5 37. Nc5 Na4 38. Nxa4 Qxa4 39. e6 Ka7 40. e7 Rd3 41. e8=Q Rd1 42. Qf4 Rxc1+ 43.
Qxc1 Qb5 44. Qe7 h4 45. Qc5+ 1-0

[Event "*** SCC Grand Prix: Titled Tuesday Blitz"]
[Site "Chess.com"]
[Date "2020.06.09"]
[Round "10"]
[White "cukus"]
[Black "vitnik2020"]
[Result "1/2-1/2"]
[WhiteElo "2464"]
[BlackElo "2329"]
[TimeControl "180+1"]
[EndTime "10:57:58 PDT"]
[Termination "Game drawn by agreement"]

1. e4 e5 2. Nf3 Nc6 3. Bb5 a6 4. Ba4 Nf6 5. O-O Be7 6. Re1 d6 7. c3 Bg4 8. h3 Bh5 9. d3 O-O 10.
Nbd2 Nd7 11. Bc2 Bg5 12. b4 Nf6 13. Nf1 Bxc1 14. Rxc1 d5 15. Ng3 Bg6 16. exd5 Nxd5 17. Bb3 Nf4 18. Nxe5 Nxe5 19. Rxe5 Qxd3 20. Re7 Rad8 21.
Qxd3 Nxd3 22. Rd1 c5 23. Rxb7 cxb4 24. cxb4 h5 25. h4 Rd4 26. b5 axb5 27. Rxb5 Rxh4 28. Rg5 Nf4 29. Rd7 Kh7 30. Nf5 Rg4 31. Rxg4 hxg4 32.
Ne7 Be4 33. Nd5 Nxd5 34. Bxd5 Bxd5 35. Rxd5 Ra8 36. Rd2 f5 37. Kh2 Kg6 38. Kg3 Kg5 39. f4+ gxf3 40. gxf3 f4+ 41. Kg2 Ra3 42. Rb2 Kh5 43.
Rb5+ g5 44. Rb2 g4 45. fxg4+ Kxg4 1/2-1/2